 Dungeon Crawl Stone Soup version 0.30-a0-137-gd8773701ce (webtiles) character file.

Game seed: 6515265322935167949

30301 juncz the Warrior (level 13, 0/109 HPs)
             Began as a Djinni Conjurer on Sept 21, 2022.
             Was an Elder of Makhleb.
             Slain by a red ugly thing (5 damage)
             ... on level 14 of the Dungeon on Sept 22, 2022.
             The game lasted 00:46:19 (22667 turns).

juncz the Warrior (Djinni Conjurer)                Turns: 22667, Time: 00:46:19

Health: 0/109      AC: 12    Str:  6    XL:     13   Next: 87%
Gold:   1174       EV: 12    Int: 24    God:    Makhleb [****..] SH:  0 Dex: 13

rFire   + + .      SeeInvis .    G - staff of conjuration
rCold   + . .      Faith    .    (no shield)
rNeg    . . .      Spirit   .    K - +5 steam dragon scales
rPois   ∞          Reflect  .    (no helmet)
rElec   .          Harm     .    h - +1 cloak
rCorr   .          Rampage  .    (no gloves)
Will    +....                    (boots unavailable)
Stlth   ++........               (no amulet)
HPRegen 0.28/turn                r - ring of protection from cold
MPRegen 0.00/turn                i - ring of protection from cold

@: flying
A: sickness immunity, fire resistance 2, cold vulnerability 1, float, innate
caster, HP casting, extra vitality 1
a: Renounce Religion, Minor Destruction, Lesser Servant of Makhleb, Major
Destruction


You were on level 14 of the Dungeon.
You worshipped Makhleb.
Makhleb was greatly pleased with you.
You visited 2 branches of the dungeon, and saw 15 of its levels.
You also visited: Sewer, Ossuary and Ice Cave.

You collected 1174 gold pieces.

Inventory:

Hand Weapons
 A - the +8 mace of Anger {vorpal, rPois}
   (You found it on level 5 of the Dungeon)

   It inflicts extra damage upon your enemies.
   rPois:     It protects you from poison.
Armour
 h - a +1 cloak (worn)
 K - +5 steam dragon scales (worn)
Magical Staves
 a - a staff of fire
 G - a staff of conjuration (weapon)
Jewellery
 c - a ring of willpower
 g - a ring of positive energy
 i - a ring of protection from cold (right hand)
 r - a ring of protection from cold (left hand)
Wands
 j - a wand of mindburst (20)
 p - a wand of flame (15)
 u - a wand of digging (3)
 w - a wand of charming (4)
 y - a wand of polymorph (10)
 B - a wand of iceblast (14)
Scrolls
 b - 6 scrolls of teleportation
 e - a scroll of immolation
 f - a scroll of summoning
 k - 2 scrolls of fear
 l - 4 scrolls of silence
 m - 3 scrolls of fog
 n - a scroll of poison
 o - 3 scrolls of enchant weapon
 x - 5 scrolls of magic mapping
 H - a scroll of brand weapon
Potions
 d - 3 potions of invisibility
 s - 2 potions of attraction
 t - a potion of berserk rage {unknown}
 v - 5 potions of curing
 z - a potion of lignification {unknown}
 C - 4 potions of mutation {unknown}
 E - 3 potions of degeneration {unknown}
 F - a potion of brilliance {unknown}
 I - 3 potions of haste {unknown}
 J - 2 potions of cancellation {unknown}
 L - a potion of heal wounds
Miscellaneous
 q - a phial of floods


   Skills:
 + Level 15.8 Fighting
 - Level 2.2 Dodging
 - Level 1.6 Stealth
 + Level 14.6 Spellcasting


You had 9 spell levels left.
You knew the following spells:

 Your Spells              Type           Power      Damage    Failure   Level
a - Magic Dart            Conj           100%       1d8       0%          1
b - Searing Ray           Conj           100%       2d8       0%          2
c - Dazzling Flash        Conj/Hex       100%       N/A       1%          3
d - Fulminant Prism       Conj/Hex       46%        3d21      1%          4
e - Iskenderun's Mystic   Conj/Tloc      93%        2d18      1%          4
f - Slow                  Hex            100%       N/A       0%          1
g - Scorch                Fire           100%       2d10      0%          2
h - Lesser Beckoning      Tloc           73%        N/A       1%          3
i - Mephitic Cloud        Conj/Pois/Air  93%        N/A       1%          3
j - Petrify               Tmut/Erth      73%        N/A       1%          4
k - Lee's Rapid Deconstr  Erth           36%        3d19*     1%          5
Your spell library was empty.

Dungeon Overview and Level Annotations

Branches:
Dungeon (14/15)            Temple (1/1) D:6            Lair (0/5) D:11
    Orc (0/2) D:10         Vaults (0/5) D:13          Sewer (visited)
Ossuary (visited)           IceCv (visited)

Altars:
Ashenzari
Cheibriados
Dithmenos
Elyvilon
Fedhas
Gozag
Hepliaklqana
Makhleb
Nemelex Xobeh
Okawaru
Qazlal
Ru
Trog
Uskayaw
Wu Jian
Xom
Yredelemnul
Zin
The Shining One

Shops:
D:4 :   D:6 =


Innate Abilities, Weirdness & Mutations

You are immune to sickness and miasma.
You are immune to poison.
Your flesh is very heat resistant. (rF++)
You are vulnerable to cold. (rC-)
You float through the air rather than walking.
You learn spells naturally, not from books.
Your magical power is your life essence.
You have superior vitality. (+4 MHP)


Message History

You can't see any susceptible monsters within range! (Use Z to cast anyway.)
The cyclops throws a large rock.
The large rock hits you!!
Casting: Iskenderun's Mystic Blast (safe; 1% risk of failure)
Confirm with . or Enter, or press ? or * to list all spells.
You feel a surge of power!
You erupt in a blast of force!
The mystic blast hits the bush!
The bush is lightly damaged.
The mystic blast hits the cyclops!
The cyclops is moderately wounded.
The cyclops is knocked back by the mystic blast.
The mystic blast hits the red ugly thing!
The red ugly thing is almost dead.
The red ugly thing is knocked back by the mystic blast.
The mystic blast hits the acid dragon!!
The acid dragon is almost dead.
The acid dragon is knocked back by the mystic blast.
The acid dragon collides with the bush!
You kill the acid dragon!
Makhleb accepts your kill. The orc wizard casts a spell at you.
You resist with almost no effort.
Casting: Iskenderun's Mystic Blast (safe; 1% risk of failure)
Confirm with . or Enter, or press ? or * to list all spells.
You feel a surge of power!
You erupt in a blast of force!
The mystic blast hits the bush!
The bush is heavily damaged.
The mystic blast hits the orc wizard!!
You kill the orc wizard!
Makhleb accepts your kill.
You feel better.
The mystic blast hits the bush!!
The bush is moderately damaged.
The cyclops throws a large rock.
The large rock hits you!
* * * LOW HITPOINT WARNING * * *
The cyclops throws a large rock.
The large rock hits you!!
* * * LOW HITPOINT WARNING * * *
The red ugly thing attacks as you move away!
The red ugly thing bites you.
* * * LOW HITPOINT WARNING * * *
You are engulfed in flames.
You resist.
You die...

#.##.#.###.### #.
#.#....#
#.#.#####.#.####
..............##
....†)...)[....#
...PPP..÷.PP...###
. P♣P..÷..♣PC...#
PP.).PP.P..#.####.
PP...PP.P@.#......
.........u........
.....>...)o..#.....
.............#.###.
(..P.......#
...P♣.....### ..#
......P.....# ...
.........##.# ..
............#... ..


You could see a red ugly thing, a cyclops and an orc.

Vanquished Creatures
  Kirke (D:13)
  Nessos (D:14)
  The ghost of baller8008 the Protected, a journeyman MiFi of Okawaru (D:12)
  Josephine (D:11)
  2 hydras
  Erolcha (D:13)
  4 centaur warriors
  A boulder beetle (D:11)
  2 dancing weapons (D:13)
  3 skeletal warriors (D:12)
  Pikel (D:7)
  9 ugly things
  3 cyclopes (D:12)
  A gargoyle (D:11)
  2 ice statues (IceCv)
  A komodo dragon (D:12)
  2 unseen horrors (D:12)
  Psyche (D:9)
  2 kobold demonologists (D:9)
  6 trolls
  A hornet (D:10)
  Sigmund (D:5)
  9 wraiths
  13 yaks
  A vampire (D:14)
  Grum (D:8)
  3 hogs (D:13)
  A steam dragon (D:9)
  A death yak simulacrum (D:13)
  Edmund (D:6)
  8 vampire mosquitoes
  2 acid dragons
  A black bear (D:5)
  An ice beast (D:7)
  3 orc warriors
  2 ogres
  A sky beast (D:7)
  4 wolves (D:8)
  6 centaurs
  2 lemures (D:7)
  6 kobold brigands (D:9)
  8 bullfrogs
  2 scorpions
  3 cane toad simulacra
  2 two-headed ogre simulacra (D:13)
  3 necrophages
  6 wights (D:8)
  8 killer bees
  3 howler monkeys (D:7)
  A jelly (D:7)
  4 orc priests
  4 hounds
  2 iguanas
  10 orc wizards
  2 polar bear simulacra (D:13)
  A spriggan simulacrum (D:13)
  A troll simulacrum (D:13)
  3 mummies (Ossuary)
  8 gnolls
  A river rat (D:3)
  9 adders
  2 white imps
  An ufetubus (D:4)
  2 worms (D:2)
  27 orcs
  7 ball pythons
  2 bats (D:2)
  4 endoplasms
  15 giant cockroaches
  A gnoll zombie (Ossuary)
  7 goblins
  8 hobgoblins
  3 jackals (D:1)
  8 quokkas
  11 frilled lizards
  4 goblin zombies (Ossuary)
  14 kobolds
  4 kobold zombies (Ossuary)
  3 rats
  2 bushes (D:14)
  2 fulminant prisms (D:12)
321 creatures vanquished.

Vanquished Creatures (collateral kills)
  A hornet (D:8)
  A water moccasin (D:8)
2 creatures vanquished.

Vanquished Creatures (others)
  A cyclops (D:14)
  22 bushes (D:14)
  2 fulminant prisms (D:12)
  8 fungi (D:7)
  4 plants (D:7)
  5 toadstools (D:2)
42 creatures vanquished.

Grand Total: 365 creatures vanquished

Notes
Turn   | Place    | Note
-------+----------+-------------------------------------------
     0 | D:1      | juncz the Djinni Conjurer began the quest for the Orb.
     0 | D:1      | juncz set off with the following spells memorised: Magic
                  | Dart, Searing Ray, Dazzling Flash, Fulminant Prism,
                  | Iskenderun's Mystic Blast.
     0 | D:1      | Reached XP level 1. HP: 15/15 MP: 0/0
   351 | D:1      | Reached XP level 2. HP: 15/22 MP: 0/0
   607 | D:1      | Reached skill level 1 in Fighting
   677 | D:1      | Found a faded altar of an unknown god.
   991 | D:2      | Reached XP level 3. HP: 23/27 MP: 0/0
   991 | D:2      | Learned a level 1 spell: Slow
  1099 | D:2      | Identified the +1 leather armour of Day {rF++ Will+ Str-3
                  | Dex+2}
  1105 | D:2      | Reached skill level 2 in Fighting
  1105 | D:2      | Reached XP level 4. HP: 25/33 MP: 0/0
  1950 | D:2      | Reached XP level 5. HP: 30/39 MP: 0/0
  1950 | D:2      | Learned a level 2 spell: Scorch
  2413 | D:3      | Found a shadowy altar of Dithmenos.
  2423 | D:3      | Found a hazy altar of Hepliaklqana.
  2524 | D:3      | Found a sparkling altar of Nemelex Xobeh.
  2595 | D:3      | Found a glowing drain.
  2615 | D:3      | Reached skill level 3 in Fighting
  2727 | Sewer    | Entered a sewer
  3890 | Sewer    | Noticed a bullfrog
  3897 | Sewer    | Killed a bullfrog
  3898 | Sewer    | Reached XP level 6. HP: 23/47 MP: 0/0
  4275 | Sewer    | Reached skill level 4 in Fighting
  5194 | D:4      | Reached XP level 7. HP: 41/53 MP: 0/0
  5194 | D:4      | Learned a level 3 spell: Lesser Beckoning
  5320 | D:4      | Reached skill level 5 in Spellcasting
  5524 | D:4      | Reached skill level 5 in Fighting
  5730 | D:4      | Found Kedifin's Book Shop.
  6435 | D:5      | Entered Level 5 of the Dungeon
  6596 | D:5      | Reached XP level 8. HP: 50/61 MP: 0/0
  6978 | D:5      | Found an opulent altar of Gozag.
  7062 | D:5      | Identified the +8 mace of Anger {vorpal, rPois}
  7081 | D:5      | Noticed Sigmund
  7092 | D:5      | Killed Sigmund
  7093 | D:5      | Reached skill level 6 in Fighting
  7806 | D:6      | Found Xaublih's Jewellery Shoppe.
  7874 | D:6      | Noticed Edmund
  7878 | D:6      | Reached skill level 7 in Fighting
  7896 | D:6      | Killed Edmund
  7897 | D:6      | Reached XP level 9. HP: 34/68 MP: 0/0
  7897 | D:6      | Learned a level 3 spell: Mephitic Cloud
  8521 | D:6      | Found a staircase to the Ecumenical Temple.
  8664 | D:6      | Found an ornate altar of the Wu Jian Council.
  8857 | Temple   | Entered the Ecumenical Temple
  9108 | Temple   | Became a worshipper of Makhleb the Destroyer
  9186 | D:7      | Reached skill level 8 in Fighting
  9575 | D:7      | Found a blossoming altar of Fedhas.
  9595 | D:7      | HP: 1/70 [centaur/arrow (10)]
 10094 | D:7      | Noticed Pikel
 10099 | D:7      | Killed Pikel
 10277 | D:7      | Reached skill level 9 in Fighting
 10370 | D:7      | Reached XP level 10. HP: 66/78 MP: 0/0
 11015 | D:8      | Noticed Grum
 11032 | D:8      | Killed Grum
 11033 | D:8      | Reached skill level 10 in Fighting
 11153 | D:8      | Reached * piety under Makhleb
 11203 | D:8      | Found a sacrificial altar of Ru.
 11278 | D:8      | Found a sand-covered staircase.
 11285 | Ossuary  | Entered an ossuary
 12413 | D:8      | Identified 2 scrolls of acquirement
 12415 | D:8      | Found a glowing golden altar of the Shining One.
 12418 | D:8      | Acquired a manual of Spellcasting
 12420 | D:8      | Acquired a staff of conjuration
 13459 | D:9      | Noticed Psyche
 13464 | D:9      | Killed Psyche
 14106 | D:9      | Reached skill level 11 in Fighting
 14106 | D:9      | Reached XP level 11. HP: 80/87 MP: 0/0
 14106 | D:9      | Learned a level 4 spell: Petrify
 14175 | D:9      | Noticed a sun demon
 14181 | D:9      | Reached ** piety under Makhleb
 14184 | D:9      | Reached skill level 10 in Spellcasting
 14819 | D:10     | Entered Level 10 of the Dungeon
 14825 | D:10     | Noticed a centaur warrior
 14833 | D:10     | Found a staircase to the Orcish Mines.
 14852 | D:10     | HP: 2/87 [centaur warrior (7)]
 14854 | D:10     | Killed a centaur warrior
 15517 | D:10     | Reached skill level 12 in Fighting
 16221 | D:11     | Noticed Josephine
 16233 | D:11     | Killed Josephine
 16463 | D:11     | Noticed a boulder beetle
 16476 | D:11     | Killed a boulder beetle
 16575 | D:11     | Reached XP level 12. HP: 92/96 MP: 0/0
 16582 | D:11     | Reached *** piety under Makhleb
 16584 | D:11     | Reached skill level 13 in Fighting
 17151 | D:11     | Found a staircase to the Lair.
 17261 | D:12     | Noticed a skeletal warrior
 17261 | D:12     | Noticed a skeletal warrior
 17267 | D:12     | Noticed a skeletal warrior
 17269 | D:12     | Killed a skeletal warrior
 17277 | D:12     | Killed a skeletal warrior
 17282 | D:12     | Killed a skeletal warrior
 17999 | D:12     | Reached skill level 14 in Fighting
 18092 | D:12     | Found a runed translucent gate.
 18094 | D:12     | Found a runed translucent gate.
 18095 | D:12     | Noticed baller8008's ghost (journeyman MiFi)
 18097 | D:12     | Found a runed translucent gate.
 18584 | D:12     | Killed baller8008's ghost
 19301 | D:13     | Noticed Kirke
 19318 | D:13     | Killed Kirke
 19319 | D:13     | Reached XP level 13. HP: 85/106 MP: 0/0
 19319 | D:13     | Learned a level 5 spell: Lee's Rapid Deconstruction
 19329 | D:13     | Found a white marble altar of Elyvilon.
 19338 | D:13     | Found a frozen archway.
 19393 | D:13     | Found a gate to the Vaults.
 19450 | IceCv    | Entered an ice cave
 19456 | IceCv    | Found a transporter.
 19575 | IceCv    | Found a transporter.
 19966 | IceCv    | Reached skill level 15 in Fighting
 20579 | D:13     | Reached **** piety under Makhleb
 20583 | D:13     | Noticed a centaur warrior
 20592 | D:13     | HP: 4/107 [centaur warrior/arrow (11)]
 21110 | D:13     | Noticed a centaur warrior
 21122 | D:13     | Killed a centaur warrior
 21379 | D:13     | Noticed an eight-headed hydra
 21385 | D:13     | Noticed Erolcha
 21388 | D:13     | Killed an eight-headed hydra
 21394 | D:13     | Killed Erolcha
 21396 | D:13     | Killed a centaur warrior
 21963 | D:13     | Noticed a centaur warrior
 22135 | D:13     | Killed a centaur warrior
 22260 | D:14     | Noticed Nessos
 22263 | D:14     | Noticed a six-headed hydra
 22271 | D:14     | Killed Nessos
 22274 | D:14     | Killed a six-headed hydra
 22659 | D:14     | Identified the ring "Fatul" {rElec rF+ rN+ rCorr Str-3}
 22667 | D:14     | HP: 5/109 [red ugly thing (2)]
 22667 | D:14     | Slain by a red ugly thing

Illustrated notes

Levels and vault maps discovered:
D:1:      reono_arrival_forest_river, layout_basic,
          shapermc_ecumenical_altar_starsandcircs
D:2:      layout_loops_ring, minmay_gold_behind_fungi,
          minmay_goblin_kobold_house
D:3:      layout_loops_ring, nemelex_diamond_rough_becter, lemuel_crystal_altar,
          overflow_temple_1_default, portal_sewer_entry_b
D:4:      layout_loops_ring, serial_shops, nicolae_shop_stone
D:5:      layout_basic, grunt_gozag_statues, minmay_fountain_box, uniq_sigmund
D:6:      layout_basic, nzn_wu_jian_council_hall, temple_hall, serial_shops,
          nicolae_take_the_stairs, uniq_edmund
D:7:      layout_basic, fedhas_altar_3, vehumet_altar_wand_db,
          grunt_ministairs_1, uniq_pikel
D:8:      layout_cave_pools, nicolae_ru_sacrificial_ziggurat, tgw_sif,
          lemuel_crystal_altar, nicolae_ossuary_entry_ruins, uniq_grum
D:9:      layout_stronghold, serial_column_ruins, column_ruins_open_small,
          column_ruins_open_large, column_ruins_open_tiny,
          column_ruins_columns_straight, palyth_stone_intersect, uniq_psyche
D:10:     layout_gridville, orc_david_3
D:11:     layout_cave_pools, lair_entry_dummy, uniq_josephine
D:12:     layout_cave_pools, ebering_ghost_rock_garden, bh_walls_and_bars
D:13:     layout_stronghold, erik_vaults_1, portal_ice_cave_entry_ice_simulacra,
          nicolae_elyvilon_peaceful_grove, uniq_erolcha, uniq_kirke
D:14:     layout_loops_cross, serial_park_square2, uniq_nessos
Temple:   minmay_temple_forest_path

Skill      XL: |  1  2  3  4  5  6  7  8  9 10 11 12 13 |
---------------+----------------------------------------+-----
Fighting       | 1 2 3 4 5 7 9 11 12 14 15 | 15.8
Spellcasting   | 4 5 6 7 9 12 13 14 | 14.6
Dodging        | |  2.2
Stealth        | |  1.6

Action                   |  1- 3 |  4- 6 |  7- 9 | 10-12 | 13-15 || total
-------------------------+-------+-------+-------+-------+-------++-------
Melee: Unarmed           |     1 |     1 |       |       |       ||     2
       Mace              |       |       |     2 |       |       ||     2
       Staff             |       |       |       |     3 |     2 ||     5
 Cast: Magic Dart        |    45 |   172 |    64 |       |       ||   281
       Iskenderun's Myst |       |     3 |    73 |   214 |    60 ||   350
       Scorch            |       |     7 |     9 |     4 |       ||    20
       Slow              |       |       |     2 |     1 |     1 ||     4
       Mephitic Cloud    |       |       |     3 |     3 |     4 ||    10
       Fulminant Prism   |       |       |       |     4 |       ||     4
       Lee's Rapid Decon |       |       |       |       |    26 ||    26
Evoke: Wand              |       |     1 |       |     4 |       ||     5
  Use: Scroll            |       |       |    12 |    18 |     6 ||    36
       Potion            |       |       |     3 |     1 |     1 ||     5
 Stab: Sleeping          |     1 |       |       |       |       ||     1
Armor: Robe              |     1 |    19 |     4 |     3 |       ||    27
       Steam dragon scal |       |       |       |    22 |     8 ||    30
Dodge: Dodged            |     4 |    35 |    11 |    33 |    15 ||    98

Table legend: (Time is in decaauts)
 A = Elapsed time spent in this place.
 B = Non-inter-level travel time spent in this place.
 C = Inter-level travel time spent in this place.
 D = Time resting spent in this place.
 E = Time spent auto-exploring this place.
 F = Levels seen in this place.
 G = Mean time per level.
                   A        B        C        D        E       F      G
               +--------+--------+--------+--------+--------+-----+--------+
         Total |  22659 |  22110 |    549 |   8856 |  11006 |  18 | 1258.8 |
       Dungeon |  18420 |  17918 |    502 |   6289 |   9748 |  14 | 1315.7 |
        Temple |    286 |    239 |     47 |      0 |    226 |   1 |  286.0 |
         Sewer |   1924 |   1924 |      0 |   1237 |    555 |   1 | 1924.0 |
       Ossuary |   1126 |   1126 |      0 |    538 |    477 |   1 | 1126.0 |
      Ice Cave |    901 |    901 |      0 |    792 |      0 |   1 |  901.0 |
               +--------+--------+--------+--------+--------+-----+--------+

Top non-repeatable levels by time:
    D:13: 2001 daAuts
     D:9: 1928 daAuts
   Sewer: 1924 daAuts
     D:7: 1851 daAuts
    D:12: 1763 daAuts
     D:2: 1625 daAuts
    D:11: 1382 daAuts
     D:5: 1367 daAuts
    D:10: 1332 daAuts
     D:4: 1326 daAuts
 Ossuary: 1126 daAuts
     D:6: 1073 daAuts
   IceCv: 901 daAuts
     D:1: 786 daAuts
     D:3: 769 daAuts
